 Dungeon Sprint DCSS version 0.26-a0-859-gf57989e088 (webtiles) character file.

Game seed: 2023291089703241763

93 Conn the Firebug (level 4, -23/27 HPs)
             Began as an Octopode Fire Elementalist on Nov 25, 2020.
             Was an Initiate of Sif Muna.
             Annihilated by a polar bear (27 damage)
             ... in the Dungeon (Sprint II: "The Violet Keep of Menkaure").
             The game lasted 00:04:53 (329 turns).

Conn the Firebug (Octopode Fire Elementalist)        Turns: 329, Time: 00:04:53

Health: -23/27     AC:  1    Str:  7    XL:     4   Next: 62%
Magic:  0/10       EV: 14    Int: 18    God:    Sif Muna [......]
Gold:   243        SH:  0    Dex: 12    Spells: 1/12 levels left

rFire    . . .     SeeInvis .     - Unarmed
rCold    . . .     Faith    .   (no shield)
rNeg     . . .     Spirit   .   (helmet restricted)
rPois    .         Reflect  .   (no amulet)
rElec    .         Harm     .   (no ring)
rCorr    .         Rampage  .   (no ring)
MR       .....     NoTele   +   (no ring)
Stlth    +++.......             (no ring)
HPRegen  0.09/turn              (no ring)
MPRegen  0.12/turn              (no ring)
                                (no ring)
                                (no ring)

@: no status effects
A: almost no armour, stealthy swim, amphibious, 8 rings, constrict 8, camouflage
1, gelatinous body 1
a: Renounce Religion


You were in the Dungeon.
You worshipped Sif Muna.
Sif Muna was noncommittal.
You visited 1 branch You collected 243 gold pieces.

Inventory:

Potions
 e - a potion of magic


   Skills:
 + Level 0.2 Fighting
 + Level 3.2 Dodging
 + Level 4.0 Stealth
 + Level 1.3 Unarmed Combat
 * Level 4.5 Spellcasting
 * Level 3.4 Conjurations
 + Level 6.0 Fire Magic


You had one spell level left.
You knew the following spells:

 Your Spells              Type           Power        Failure   Level
a - Foxfire               Conj/Fire      ###.         1%          1
b - Conjure Flame         Conj/Fire      ###.....     6%          3
c - Inner Flame           Hex/Fire       ##......     12%         3
d - Sticky Flame          Conj/Fire      ###.....     21%         4

Your spell library contained the following spells:

 Spells                   Type           Power        Failure   Level
 Fireball                 Conj/Fire      ###.......   50%         5


Dungeon Overview and Level Annotations

Branches:
Dungeon (1/1)

Altars:
Cheibriados
Dithmenos
Elyvilon
Fedhas
Gozag
Hepliaklqana
Kikubaaqudgha
Makhleb
Nemelex Xobeh
Okawaru
Qazlal
Ru
Sif Muna
Trog
Uskayaw
Vehumet
Wu Jian
Xom
Yredelemnul
Zin
The Shining One
Beogh
Jiyva
Lugonu


Innate Abilities, Weirdness & Mutations

You cannot wear most types of armour.
You are very stealthy in the water. (Stealth+)
You are amphibious.
You can wear up to eight rings at the same time.
You can use your tentacles to constrict eight enemies at once.
Your skin changes colour to match your surroundings (Stealth+).
Your rubbery body absorbs attacks. (AC +1, EV +1)


Message History

Casting: Foxfire (safe; 1% risk of failure)
Confirm with . or Enter, or press ? or * to list all spells.
You conjure some foxfire!
The polar bear burns!
The polar bear stops burning.
The foxfire hits the polar bear.
The polar bear is almost dead.
The foxfire hits the polar bear.
The polar bear is almost dead.
Your magical contamination has completely faded away.
Unknown command.
Casting: Foxfire (safe; 1% risk of failure)
Confirm with . or Enter, or press ? or * to list all spells.
Okay, then.
Okay, then.
Unknown command.
Unknown command.
Casting: Foxfire (safe; 1% risk of failure)
Confirm with . or Enter, or press ? or * to list all spells.
You conjure some foxfire!
The polar bear bites you!!
Ouch! That really hurt!
You die...

#†#####§≈..§..≈#'########+##
.#..#≈≈≈≈≈≈§§.≈#_._.....#≈≈§#
.#.##≈≈§§≈≈≈≈.≈#._._....#§≈≈§
#'##≈≈≈≈§≈≈≈≈≈≈#_._._...#§§§§
≈≈≈≈≈≈≈≈§≈≈≈§§§#._._._..#≈≈≈
+#+++#§§≈≈≈§§§§#_._._._.#§§§≈
§;§ ##§≈≈###§§#._._._._#§≈≈§
§;≈ ##≈≈# #≈§#vv_._._.#§≈≈≈
§;≈≈ ≈≈# #§§#@h._._..#≈§≈§
≈§≈; ≈≈≈≈≈§§##########≈§≈≈
§≈≈≈≈ #######SS≈≈≈≈≈≈≈≈≈≈≈ #+
☼zzz###≈########≈▓▓▓
○zzzz##≈# ▓▓


○○zzzz+≈# ○°○.z#### .°°.# You could see a polar bear (berserk), 2 water
moccasins and 12 flying skulls.

Vanquished Creatures
  4 worker ants (D)
4 creatures vanquished.

Vanquished Creatures (others)
  A water moccasin (D)
  3 foxfires (D)
4 creatures vanquished.

Grand Total: 8 creatures vanquished

Notes
Turn   | Place    | Note
-------+----------+-------------------------------------------
     0 | D        | Conn the Octopode Fire Elementalist began the quest for the
                  | Orb.
     0 | D        | Reached XP level 1. HP: 11/11 MP: 3/3
     1 | D        | Noticed a wyvern
     1 | D        | Noticed a wyvern
     5 | D        | Noticed a worker ant
     5 | D        | Noticed a worker ant
    13 | D        | Killed a worker ant
    14 | D        | Reached skill level 4 in Fire Magic
    14 | D        | Reached XP level 2. HP: 17/17 MP: 4/6
    14 | D        | Reached XP level 3. HP: 21/21 MP: 4/7
    18 | D        | Reached skill level 5 in Fire Magic
    33 | D        | Reached skill level 1 in Unarmed Combat
    33 | D        | Reached XP level 4. HP: 13/27 MP: 6/10
    38 | D        | Reached skill level 6 in Fire Magic
    46 | D        | Killed a water moccasin
    47 | D        | Learned a level 3 spell: Conjure Flame
    51 | D        | Learned a level 3 spell: Inner Flame
    56 | D        | Learned a level 4 spell: Sticky Flame
    66 | D        | Found an iron altar of Okawaru.
    66 | D        | Found a radiant altar of Vehumet.
    66 | D        | Found a glowing silver altar of Zin.
    67 | D        | Found a sparkling altar of Nemelex Xobeh.
    67 | D        | Found a hide-covered altar of Uskayaw.
    67 | D        | Found a basalt altar of Yredelemnul.
    68 | D        | Found an opulent altar of Gozag.
    68 | D        | Found a burning altar of Makhleb.
    68 | D        | Found a bloodstained altar of Trog.
    69 | D        | Found a blossoming altar of Fedhas.
    69 | D        | Found a corrupted altar of Lugonu.
    69 | D        | Found a shimmering blue altar of Sif Muna.
    70 | D        | Found a white marble altar of Elyvilon.
    70 | D        | Found an ancient bone altar of Kikubaaqudgha.
    71 | D        | Found a shadowy altar of Dithmenos.
    71 | D        | Found a viscous altar of Jiyva.
    72 | D        | Found a snail-covered altar of Cheibriados.
    74 | D        | Found a roughly hewn altar of Beogh.
    74 | D        | Found a shimmering altar of Xom.
    74 | D        | Found a sacrificial altar of Ru.
    74 | D        | Found a hazy altar of Hepliaklqana.
    75 | D        | Found a glowing golden altar of the Shining One.
    75 | D        | Found an ornate altar of the Wu Jian Council.
    75 | D        | Found a stormy altar of Qazlal.
    80 | D        | Noticed a flying skull
    81 | D        | Noticed a flying skull
    81 | D        | Noticed a flying skull
    81 | D        | Noticed a flying skull
    82 | D        | Noticed a water moccasin
    83 | D        | Became a worshipper of Sif Muna the Loreminder
    83 | D        | Noticed a flying skull
    83 | D        | Noticed a flying skull
    85 | D        | Noticed a water moccasin
   102 | D        | Noticed a polar bear
   103 | D        | Noticed a hornet
   103 | D        | Noticed a yaktaur
   108 | D        | Noticed a flying skull
   109 | D        | Noticed a flying skull
   109 | D        | Noticed a flying skull
   111 | D        | Noticed a flying skull
   113 | D        | Noticed a flying skull
   116 | D        | Noticed a flying skull
   329 | D        | Annihilated by a polar bear

Illustrated notes

Levels and vault maps discovered:
D:        the_violet_keep_of_menkaure [sprint2_stairs_cluster_1,
          sprint2_shoproom, sprint2_temple, sprint2_basic_supplies,
          sprint2_obstacle_7, sprint2_obstacle_1, sprint2_obstacle_3,
          sprint2_obstacle_6, sprint2_obstacle_4, sprint2_timed_cluster_1,
          sprint2_smallroom_cluster_1, sprint2_smallroom_final_cluster_1,
          sprint2_transparent_cluster_1, sprint2_second_timed_cluster_1,
          sprint2_sniper_area_1, sprint2_heavy_combat_area_1,
          sprint2_mutation_trap_area_1, sprint2_forest_area_1,
          sprint2_light_combat_area_1, sprint2_behind_water_1,
          sprint2_near_end_vault_1]

Skill      XL: |  1  2  3  4 |
---------------+-------------+-----
Stealth        | 3 4 |  4.0
Spellcasting   | 3 4 |  4.5
Conjurations   | 2 3 |  3.4
Fire Magic     | 4 5 6 |  6.0
Dodging        | 3 |  3.2
Unarmed Combat | 1 |  1.3
Fighting       | |  0.2

Action                   |  1- 3 |  4- 6 || total
-------------------------+-------+-------++-------
Melee: Unarmed           |    21 |     4 ||    25
       Constrict         |     3 |     1 ||     4
       Tentacles         |     2 |     1 ||     3
 Cast: Foxfire           |       |     3 ||     3
       Sticky Flame      |       |     2 ||     2
  Use: Potion            |     3 |     2 ||     5
       Scroll            |       |     1 ||     1
Armor: Skin              |     1 |       ||     1
Dodge: Dodged            |    14 |     7 ||    21

Table legend: (Time is in decaauts)
 A = Elapsed time spent in this place.
 B = Non-inter-level travel time spent in this place.
 C = Inter-level travel time spent in this place.
 D = Time resting spent in this place.
 E = Time spent auto-exploring this place.
 F = Levels seen in this place.
 G = Mean time per level.
                   A        B        C        D        E       F      G
               +--------+--------+--------+--------+--------+-----+--------+
         Total |    324 |    324 |      0 |    205 |      0 |   1 |  324.0 |
       Dungeon |    324 |    324 |      0 |    205 |      0 |   1 |  324.0 |
               +--------+--------+--------+--------+--------+-----+--------+

Top non-repeatable levels by time:
       D: 324 daAuts
